 Dungeon Crawl Stone Soup version 0.29.1-2-gbd0b4ee654 (webtiles) character file.

Game seed: 9285448682170960670

65 willock the Digger (level 4, 0/24 HPs)
             Began as a Gargoyle Earth Elementalist on Nov 6, 2022.
             Was a Follower of Makhleb.
             Slain by Terence
             ... wielding a +0 falchion
              (6 damage)
             ... on level 3 of the Dungeon.
             The game lasted 00:04:36 (1477 turns).

willock the Digger (Gargoyle Earth Elementalist)    Turns: 1477, Time: 00:04:37

Health: 0/24       AC:  7    Str: 15    XL:     4   Next: 14%
Magic:  1/8        EV: 12    Int: 17    God:    Makhleb [*.....]
Gold:   159        SH:  0    Dex:  9    Spells: 7/8 levels left

rFire   . . .      SeeInvis .   (no weapon)
rCold   + . .      Faith    .   (no shield)
rNeg    + . .      Spirit   .   a - +0 robe
rPois   ∞          Reflect  .   g - +2 hat
rElec   +          Harm     .   (no cloak)
rCorr   .          Rampage  .   (no gloves)
Will    .....                   (no boots)
Stlth   ++........              (no amulet)
HPRegen 0.08/turn               (no ring)
MPRegen 0.11/turn               (no ring)

@: flying
A: sickness immunity, AC +3, negative energy resistance 1, electricity
resistance, torment resistance 1, petrification resistance, big wings, cold
resistance 1, strong 1
a: Renounce Religion


You were on level 3 of the Dungeon.
You worshipped Makhleb.
Makhleb was aware of your devotion.
You visited 1 branch of the dungeon, and saw 3 of its levels.

You collected 159 gold pieces.

Inventory:

Armour
 a - a +0 robe (worn)
 g - a +2 hat (worn)
Wands
 m - a wand of flame (11)
Scrolls
 f - a scroll of blinking {unknown}
 h - a scroll of amnesia {unknown}
 j - 2 scrolls of noise {unknown}
 l - a scroll of teleportation {unknown}
 o - a scroll of identify {unknown}
 p - a scroll of magic mapping {unknown}
Potions
 b - a potion of magic
 c - a potion of degeneration {unknown}
 d - a potion of might {unknown}
 e - a potion of lignification {unknown}
 i - 2 potions of invisibility {unknown}
 k - a potion of attraction {unknown}
 n - 3 potions of flight {unknown}
 r - a potion of brilliance {unknown}


   Skills:
 + Level 1.9 Dodging
 + Level 2.9 Stealth
 + Level 2.8 Spellcasting
 + Level 0.7 Transmutations
 + Level 4.5 Earth Magic


You had 7 spell levels left.
You knew the following spells:

 Your Spells              Type           Power      Damage    Failure   Level
a - Sandblast             Erth           34%        2d9       2%          1

Your spell library contained the following spells:

 Spells                   Type           Power      Damage    Failure   Level
 Passwall                 Tmut/Erth      9%         N/A       9%          2
 Stone Arrow              Conj/Erth      20%        3d8       22%         3
 Petrify                  Tmut/Erth      11%        N/A       52%         4


Dungeon Overview and Level Annotations

Branches:
Dungeon (3/15)

Altars:
Makhleb

Annotations:
D:3 0gre's ghost, amateur GnIE; Terence


Innate Abilities, Weirdness & Mutations

You are immune to sickness and miasma.
Your stone body is resilient. (AC +3)
You are immune to poison.
You resist negative energy. (rN+)
You are resistant to electric shocks. (rElec)
You are resistant to unholy torment.
You are immune to petrification.
Your large and strong wings let you fly.
Your flesh is cold resistant. (rC+)
Your muscles are strong. (Str +4, Int/Dex -1)


Message History

Aim: a quokka (75% to hit)
The blast of sand hits the quokka!
You kill the quokka!
Makhleb accepts your kill. Terence closely misses you.
Terence asks, "Do you want it fast or slow?"
Terence closely misses you.
Aiming: Sandblast (safe; 2% risk of failure)
Press: ? - help, Q - select action, (/) - cycle Shift-Dir - straight line, f - Terence
Aim: Terence, wielding a +0 falchion and wearing a +0 chain mail (unusually resistant, 87% to hit)
The blast of sand misses Terence.
Terence closely misses you.
Aiming: Sandblast (safe; 2% risk of failure)
Press: ? - help, Q - select action, (/) - cycle Shift-Dir - straight line, f/p - Terence
Aim: Terence, wielding a +0 falchion and wearing a +0 chain mail (unusually resistant, 87% to hit)
The blast of sand hits Terence but does no damage.
Terence hits you with a +0 falchion. Terence completely misses you.
You barely miss Terence. Terence closely misses you.
Attack: -) Nothing wielded
Press: ? - help, Dir - move target, f/p - Terence
Aim: Terence, wielding a +0 falchion and wearing a +0 chain mail (unusually resistant, about 38% to evade your hands)
Okay, then.
Aiming: Throw Flame
Press: ? - help, Shift-Dir - straight line, f/p - Terence
Aim: Terence, wielding a +0 falchion and wearing a +0 chain mail (unusually resistant, 77% to hit)
The puff of flame hits Terence but does no damage.
Terence hits you with a +0 falchion.
* * * LOW HITPOINT WARNING * * *
Aiming: Throw Flame
Press: ? - help, Shift-Dir - straight line, f/p - Terence
Aim: Terence, wielding a +0 falchion and wearing a +0 chain mail (unusually resistant, 77% to hit)
The puff of flame hits Terence but does no damage.
Terence barely misses you.
Okay, then.
It was a potion of mutation.
You feel extremely strange.
Your wings grow larger and stronger.
You feel stronger.
You feel resistant to cold. Terence shouts, "Now you die!"
Terence hits you with a +0 falchion.
You die...

##.......##.##.###.##
#.....##.##.....#.##
......##.#####...##
.# #..#..##.# #...#
##.. .........# #...#
#..... #.###.####
#...# #...... #)# #.#
######...##...###.
#.# #.#
.............##⌠##
..#
........@...##...#
###
.......@...##..?..
####.#.....#W..♣.. #
#.#.....##..!.. #.
#.....†..##...#
#.#.#...#...##⌠##
###..#...#....###.
...........#......
.#..#..†#.##.....


You could see Terence (resistant) and 0gre's ghost.

Vanquished Creatures
  Jessica (D:2)
  An adder (D:3)
  A worm (D:3)
  4 ball pythons
  2 endoplasms
  A giant cockroach (D:2)
  A goblin (D:3)
  3 hobgoblins
  3 quokkas
  5 bats
  A frilled lizard (D:1)
  2 rats
25 creatures vanquished.

Notes
Turn   | Place    | Note
-------+----------+-------------------------------------------
     0 | D:1      | willock the Gargoyle Earth Elementalist began the quest for
                  | the Orb.
     0 | D:1      | Reached XP level 1. HP: 10/10 MP: 3/3
   325 | D:1      | Reached XP level 2. HP: 15/15 MP: 1/5
   421 | D:1      | Reached skill level 4 in Earth Magic
   996 | D:2      | Noticed Jessica
  1000 | D:2      | Killed Jessica
  1001 | D:2      | Reached XP level 3. HP: 19/19 MP: 6/6
  1062 | D:2      | Found a faded altar of an unknown god.
  1068 | D:2      | Prayed at the altar of an unknown god.
  1068 | D:2      | Became a worshipper of Makhleb the Destroyer
  1068 | D:2      | Reached * piety under Makhleb
  1330 | D:3      | Reached XP level 4. HP: 20/24 MP: 1/8
  1439 | D:3      | Noticed 0gre's ghost (amateur GnIE)
  1453 | D:3      | Noticed Terence
  1477 | D:3      | Gained mutation: Your large and strong wings let you fly.
                  | [potion of mutation]
  1477 | D:3      | Gained mutation: Your muscles are strong. (Str +4, Int/Dex
                  | -1) [potion of mutation]
  1477 | D:3      | Gained mutation: Your flesh is cold resistant. (rC+)
                  | [potion of mutation]
  1477 | D:3      | Slain by Terence

Illustrated notes

Levels and vault maps discovered:
D:1:      minmay_arrival_semitransparent, layout_loops_ring
D:2:      layout_rooms, hellmonk_ecumenical_altar_slurped_away,
          hangedman_abyss_or_decor_lesser_grid, uniq_jessica
D:3:      layout_loops_cross, hellmonk_ghost_happy_afterlife,
          hangedman_decor_points, uniq_grinder, uniq_terence, uniq_sigmund

Skill      XL: |  1  2 |
---------------+-------+-----
Earth Magic    | 4 |  4.5
Dodging        | |  1.9
Stealth        | |  2.9
Spellcasting   | |  2.8
Transmutations | |  0.7

Action                   |  1- 3 |  4- 6 || total
-------------------------+-------+-------++-------
Melee: Unarmed           |       |     1 ||     1
 Cast: Sandblast         |    30 |    12 ||    42
Evoke: Wand              |     3 |     5 ||     8
  Use: Potion            |       |     1 ||     1
Armor: Robe              |     6 |     6 ||    12
Dodge: Dodged            |     9 |    12 ||    21
